 Dungeon Crawl Stone Soup version 0.21.0-3-g78d12a8 (webtiles) character file.

72 Dfrag the Firebug (level 4, 16/30 HPs)
             Began as a Demonspawn Fire Elementalist on Jan 10, 2018.
             Quit the game on level 2 of the Dungeon.
             The game lasted 00:02:04 (1028 turns).

Dfrag the Firebug (Demonspawn Fire Elementalist)    Turns: 1028, Time: 00:02:04

Health: 16/30      AC:  2    Str:  9    XL:     4   Next: 6%
Magic:  5/8        EV: 12    Int: 17    God:
Gold:   95         SH:  0    Dex: 13    Spells: 7/8 levels left

rFire    . . .     SeeInvis .   (no weapon)
rCold    . . .     Gourm    .   (no shield)
rNeg     . . .     Faith    .   a - +0 robe
rPois    .         Spirit   .   (no helmet)
rElec    .         Reflect  .   (no cloak)
rCorr    .         Harm     .   (no gloves)
MR       .....                  (no boots)
Stlth    ++........             (no amulet)
HPRegen  0.10/turn              (no ring)
MPRegen  0.11/turn              (no ring)

@: no status effects
A: powered by pain 1, rot immunity
a: no special abilities


You were on level 2 of the Dungeon.
You were not hungry.

You visited 1 branch of the dungeon, and saw 2 of its levels.

You collected 95 gold pieces.

Inventory:

Armour
 a - a +0 robe (worn)
Scrolls
 d - a scroll of amnesia {unknown}
 f - 3 scrolls of identify {unknown}
 h - 2 scrolls of teleportation {unknown}
Potions
 e - 2 potions of curing {unknown}
 g - a potion of lignification {unknown}
Books
 b - a book of Flames

   Spells                             Type                      Level
   a - Flame Tongue                   Conjuration/Fire             1
   b - Throw Flame                    Conjuration/Fire             2
   c - Conjure Flame                  Conjuration/Fire             3
   d - Inner Flame                    Hexes/Fire                   3
   e - Sticky Flame                   Conjuration/Fire             4
   f - Fireball                       Conjuration/Fire             5
Comestibles
 c - 2 rations
 i - 2 chunks of flesh


   Skills:
 - Level 1.7 Dodging
 - Level 1.7 Stealth
 + Level 2.8 Spellcasting
 + Level 2.3 Conjurations
 + Level 3.4 Fire Magic


You had 7 spell levels left.
You knew the following spells:

 Your Spells              Type           Power        Failure   Level  Hunger
a - Flame Tongue          Conj/Fire      ##...        5%          1    #......


Dungeon Overview and Level Annotations

Branches:
Dungeon (2/15)

Altars:


Innate Abilities, Weirdness & Mutations

You sometimes gain a little power by taking damage.
You are immune to rotting.


Message History

Press: ? - help, Shift-Dir - straight line, f - gnoll
Aim: a gnoll, wielding a spear The flame tongue hits the gnoll.
The gnoll is heavily wounded.
The gnoll barely misses you.
Casting: Flame Tongue
Confirm with . or Enter, or press ? or * to list all spells.
Aiming: Flame Tongue
Press: ? - help, Shift-Dir - straight line, f/p - gnoll
Aim: a gnoll, wielding a spear (heavily wounded)
The flame tongue hits the gnoll.
You kill the gnoll!
You have reached level 4!
You feel stronger.
Your demonic ancestry asserts itself...
You feel energised by your suffering.
Casting: Flame Tongue
Confirm with . or Enter, or press ? or * to list all spells.
You can't see any susceptible monsters within range! (Use Z to cast anyway.) Unknown command.
Are you sure you want to abandon this character and quit the game? (Confirm with "yes".)

#..###..÷.#..#.....
#..# #..)..........
#..# ##...#..####..
#..#####.).....###.
#............#.###.
#...g..............
#)#######.#.##.....
##.## ###.#.# ####.
##.#@## ..g#.#
##.###.###.#.#.## #.
##.## ##.##.#..).# #.
#.## ##.#.###..# ##
##.## ##....÷....#
##.###........#.######
#..#.####.##.#.......
#.#.## #.##.########
##†#.# #....#


There were no monsters in sight!

Vanquished Creatures
  3 gnolls (D:2)
  An ooze (D:1)
  2 worms (D:2)
  A dart slug (D:1)
  A leopard gecko (D:1)
  A ball python (D:1)
  3 bats
  A giant cockroach (D:1)
  3 goblins
  4 hobgoblins
  4 jackals (D:2)
  A quokka (D:2)
  A kobold (D:1)
  4 rats (D:1)
30 creatures vanquished.

Notes
Turn   | Place    | Note
-------+----------+-------------------------------------------
     0 | D:1      | Dfrag the Demonspawn Fire Elementalist began the quest for the Orb.
     0 | D:1      | Reached XP level 1. HP: 13/13 MP: 3/3
   151 | D:1      | Gained mutation: You are immune to rotting. [demonic ancestry]
   151 | D:1      | Reached XP level 2. HP: 19/19 MP: 0/5
   207 | D:1      | Reached skill level 3 in Fire Magic
   649 | D:2      | Reached XP level 3. HP: 22/24 MP: 1/6
  1027 | D:2      | Gained mutation: You sometimes gain a little power by taking damage. [demonic ancestry]
  1027 | D:2      | Reached XP level 4. HP: 16/30 MP: 5/8
  1028 | D:2      | Quit the game

Skill      XL: |  1  2  3 |
---------------+----------+-----
Fire Magic     | 3 |  3.4
Conjurations   | 2 |  2.3
Dodging        | |  1.7
Stealth        | |  1.7
Spellcasting   | |  2.8

Action                   |  1- 3 |  4- 6 || total
-------------------------+-------+-------++-------
Melee: Unarmed           |    39 |       ||    39
 Cast: Flame Tongue      |    58 |     1 ||    59
 Stab: Sleeping          |     1 |       ||     1
  Eat: Chunk             |     1 |       ||     1
Armor: Robe              |    11 |       ||    11
Dodge: Dodged            |    40 |       ||    40
